[Event "Early-Titled-Tuesday-Blitz-April-02-2024"]
[Site "Chess.com"]
[Date "2024.04.02"]
[Round "2"]
[White "WCM-Mexicana"]
[Black "secrethawk1"]
[Result "1-0"]
[WhiteElo "2172"]
[BlackElo "2411"]
[TimeControl "180+1"]
[EndTime "8:13:15 PDT"]
[Termination "WCM-Mexicana won by checkmate"]

1. d4 d5 2. c4 dxc4 3. Nc3 Nf6 4.
e4 c5 5. d5 Nbd7 6. Bxc4 a6 7.
a4 Ne5 8. Be2 e6 9. f4 Ng6 10.
d6 e5 11. f5 Nf4 12. Bxf4 exf4 13. e5 Nd7 14. Nf3 Nb6 15. a5 Nd7 16. Nd5 Nxe5 17.
Nc7+ Kd7 18. Nxe5# 1-0

[Event "Early-Titled-Tuesday-Blitz-April-02-2024"]
[Site "Chess.com"]
[Date "2024.04.02"]
[Round "2"]
[White "Baku_Boulevard"]
[Black "manitodeplomo"]
[Result "1-0"]
[WhiteElo "3036"]
[BlackElo "2648"]
[TimeControl "180+1"]
[EndTime "8:13:21 PDT"]
[Termination "Baku_Boulevard won by resignation"]

1. e4 e6 2. d3 c5 3. Nf3 b6 4. g3 Bb7 5. Bg2 d6 6. O-O Nd7 7. Re1 Ngf6 8. Nc3 a6 9. a4 Be7 10. Bf4 O-O 11. e5 dxe5 12. Nxe5 Bxg2 13. Kxg2 Nxe5 14.
Bxe5 Nd5 15. Qf3 Nb4 16. Re2 Bf6 17. Bxf6 Qxf6 18. Qxf6 gxf6 19. a5 b5 20. Ne4 f5 21. Nxc5 Rfd8 22. d4 Rac8 23. c3 1-0

[Event "Early-Titled-Tuesday-Blitz-April-02-2024"]
[Site "Chess.com"]
[Date "2024.04.02"]
[Round "2"]
[White "Road2GM3000"]
[Black "DonCiao"]
[Result "1-0"]
[WhiteElo "2425"]
[BlackElo "1997"]
[TimeControl "180+1"]
[EndTime "8:14:02 PDT"]
[Termination "Road2GM3000 won by checkmate"]

1. d4 Nf6 2. c4 g6 3. Nc3 d5 4.
Bg5 Ne4 5. Bh4 Nxc3 6. bxc3 dxc4 7. e3 Be6 8. Nf3 Bg7 9. Qb1 Qd5 10. Ng5 Bd7 11.
e4 Qa5 12. Qb4 Qxb4 13. cxb4 Bxd4 14. O-O-O e5 15. Bxc4 O-O 16. f4 a5 17. fxe5 Bxe5 18.
Nxf7 Rxf7 19. Rhf1 Kh8 20. Rxf7 axb4 21. Bg5 Ra3 22.
Rf8+ Kg7 23. Rg8# 1-0

[Event "Early-Titled-Tuesday-Blitz-April-02-2024"]
[Site "Chess.com"]
[Date "2024.04.02"]
[Round "2"]
[White "lcmil"]
[Black "Art10ECHR"]
[Result "0-1"]
[WhiteElo "2287"]
[BlackElo "2527"]
[TimeControl "180+1"]
[EndTime "8:14:03 PDT"]
[Termination "Art10ECHR won by resignation"]

1. e4 c5 2. Nf3 e6 3. d4 cxd4 4. Nxd4 Nc6 5. Nc3 a6 6. Be3 Nf6 7. a3 Qc7 8. f4 d6 9. Be2 Be7 10. Nxc6 bxc6 11. g4 O-O 12. Qd3 d5 13. e5 Nd7 14.
O-O-O Rb8 15. Nb1 c5 16. c4 d4 17. Bd2 Bb7 18. Rhg1 Qb6 19. Qc2 Be4 0-1

[Event "Early-Titled-Tuesday-Blitz-April-02-2024"]
[Site "Chess.com"]
[Date "2024.04.02"]
[Round "2"]
[White "Zhani-Z"]
[Black "nikitakhoroshev"]
[Result "1-0"]
[WhiteElo "2351"]
[BlackElo "2588"]
[TimeControl "180+1"]
[EndTime "8:14:05 PDT"]
[Termination "Zhani-Z won by resignation"]

1. e4 e5 2. Nf3 Nc6 3. Nc3 Nf6 4. Bb5 Bb4 5. O-O d6 6. d4 exd4 7. Nxd4 Bd7 8. Nf5 g6 9. Bg5 Bxc3 10. bxc3 gxf5 11.
Bxc6 Bxc6 12. Qd4 O-O 13. Bxf6 Bxe4 14. Bxd8 1-0

[Event "Early-Titled-Tuesday-Blitz-April-02-2024"]
[Site "Chess.com"]
[Date "2024.04.02"]
[Round "2"]
[White "LeoLV10"]
[Black "Karina_Ivanova"]
[Result "1-0"]
[WhiteElo "2523"]
[BlackElo "2279"]
[TimeControl "180+1"]
[EndTime "8:14:06 PDT"]
[Termination "LeoLV10 won by checkmate"]

1. e4 c6 2. d4 d5 3. e5 Bf5 4. h4 h5 5. Bd3 Bxd3 6. Qxd3 e6 7.
Nf3 Nd7 8. O-O c5 9. c3 Ne7 10. Bg5 Qb6 11. Nbd2 cxd4 12. cxd4 O-O-O 13. b4 Kb8 14. a4 Nc6 15. Bxd8 Qxd8 16. b5 Na5 17. Rfb1 b6 18. Nb3 Bb4 19. Nxa5 Bxa5 20. Rc1 Qe7 21. Rc6 Rc8 22. Rac1 Rxc6 23. bxc6 Nf8 24. c7+ Kc8 25. Qa6+ Kd7 26. c8=Q# 1-0

[Event "Early-Titled-Tuesday-Blitz-April-02-2024"]
[Site "Chess.com"]
[Date "2024.04.02"]
[Round "2"]
[White "Roosters19"]
[Black "joksijoksi"]
[Result "0-1"]
[WhiteElo "2291"]
[BlackElo "2531"]
[TimeControl "180+1"]
[EndTime "8:14:08 PDT"]
[Termination "joksijoksi won by resignation"]

1. d4 Nf6 2. Bg5 Ne4 3. Bf4 d5 4. e3 c5 5. Bd3 Nc6 6. c3 Qb6 7. Bxe4 dxe4 8. Qc2 cxd4 9. exd4 Bf5 10. Ne2 e6 11.
Ng3 Bg6 12. Be3 Qb5 13. Na3 Bxa3 14. bxa3 Qd3 15. Qxd3 exd3 16. Kd2 Na5 17. h4 h5 18. f3 Nc4+ 19. Kc1 Nxe3 0-1

[Event "Early-Titled-Tuesday-Blitz-April-02-2024"]
[Site "Chess.com"]
[Date "2024.04.02"]
[Round "2"]
[White "Zkid"]
[Black "ccccvhhhj"]
[Result "1-0"]
[WhiteElo "2899"]
[BlackElo "2407"]
[TimeControl "180+1"]
[EndTime "8:14:10 PDT"]
[Termination "Zkid won by checkmate"]

1. e4 e6 2. d4 d5 3. Nc3 Bb4 4. exd5 exd5 5. Bd3 Nf6 6. Ne2 Bg4 7. O-O c6 8. f3 Bh5 9. Nf4 Bg6 10. Re1+ Be7 11. Nxg6 hxg6 12. Qe2 Nbd7 13. Bf4 Kf8 14. Qf2 Nh5 15.
Bd2 Bd6 16. g3 Qc7 17. f4 g5 18. fxg5 Nxg3 19. Bg6 Nb6 20. Re3 Ne4 21. Nxe4 Bxh2+ 22. Kg2 dxe4 23. Rf1 Kg8 24. Bxf7+ Kh7 25. Qh4# 1-0

[Event "Early-Titled-Tuesday-Blitz-April-02-2024"]
[Site "Chess.com"]
[Date "2024.04.02"]
[Round "2"]
[White "edgarhay012"]
[Black "Beca95"]
[Result "0-1"]
[WhiteElo "2628"]
[BlackElo "2949"]
[TimeControl "180+1"]
[EndTime "8:14:16 PDT"]
[Termination "Beca95 won by checkmate"]

1. e4 c5 2. Nc3 d6 3. d4 cxd4 4. Qxd4 Nc6 5. Qd2 Nf6 6. b3 e6 7. Bb2 d5 8. exd5 exd5 9. O-O-O Be6 10. Nf3 Qa5 11. Nb5 Bb4 12. Qg5 Ne4 13. Qf4 O-O 14. Ne5 f6 15. Nxc6 bxc6 16. Nd4 Qxa2 17. Nxe6 Ba3 18.
Rd3 Qa1# 0-1

[Event "Early-Titled-Tuesday-Blitz-April-02-2024"]
[Site "Chess.com"]
[Date "2024.04.02"]
[Round "2"]
[White "Licancabur"]
[Black "carloseduar100"]
[Result "1-0"]
[WhiteElo "2487"]
[BlackElo "2188"]
[TimeControl "180+1"]
[EndTime "8:14:16 PDT"]
[Termination "Licancabur won by resignation"]

1. d4 d5 2. Bg5 Bf5 3. e3 c6 4. Nd2 Nd7 5. Ngf3 Ngf6 6. h3 h6 7. Bh4 e6 8. Bd3 Bxd3 9. cxd3 Be7 10. O-O Qc7 11. Rc1 e5 12. dxe5 Nxe5 13. Nxe5 Qxe5 14. Qb3 Qc7 15. Bxf6 Bxf6 16. Qxd5 Bxb2 17. Qe4+ Kf8 18. Qb4+ 1-0

[Event "Early-Titled-Tuesday-Blitz-April-02-2024"]
[Site "Chess.com"]
[Date "2024.04.02"]
[Round "2"]
[White "cakeuvdort"]
[Black "Dacean99"]
[Result "0-1"]
[WhiteElo "2302"]
[BlackElo "2673"]
[TimeControl "180+1"]
[EndTime "8:14:17 PDT"]
[Termination "Dacean99 won by resignation"]

1. Nf3 c5 2. e3 Nf6 3. b3 g6 4. Bb2 Bg7 5. d4 O-O 6. Be2 cxd4 7. Nxd4 d5 8. O-O Nc6 9. Nxc6 bxc6 10. c4 e6 11. Nd2 a5 12. Rc1 Ba6 13. Nf3 a4 14. Ne5 axb3 15. axb3 Rc8 16. cxd5 Bxe2 17. Qxe2 cxd5 18.
Nc6 Qd7 19. b4 Rxc6 20. Bxf6 Bxf6 21. Qb5 Rfc8 22. Rc5 Be7 0-1

[Event "Early-Titled-Tuesday-Blitz-April-02-2024"]
[Site "Chess.com"]
[Date "2024.04.02"]
[Round "2"]
[White "eagleclaw07"]
[Black "RamonManon0g"]
[Result "1-0"]
[WhiteElo "2847"]
[BlackElo "2402"]
[TimeControl "180+1"]
[EndTime "8:14:17 PDT"]
[Termination "eagleclaw07 won by checkmate"]

1. d4 Nf6 2. c4 g6 3. Nc3 d5 4. cxd5 Nxd5 5. e4 Nxc3 6. bxc3 c5 7. Nf3 Bg7 8. Bb5+ Bd7 9. Bxd7+ Nxd7 10. O-O O-O 11.
Rb1 b6 12. Be3 Nf6 13. Qd3 Qc7 14. h3 Rfd8 15. d5 c4 16. Qc2 e6 17. dxe6 fxe6 18. Nd4 Qf7 19. Nc6 Rdc8 20. Ne5 Qb7 21. Bd4 Qxe4 22. Qa4 Nd5 23. Rbe1 Qh4 24. Qd7 Re8 25.
Qf7+ Kh8 26. Nxg6+ hxg6 27. Qxg7# 1-0

[Event "Early-Titled-Tuesday-Blitz-April-02-2024"]
[Site "Chess.com"]
[Date "2024.04.02"]
[Round "2"]
[White "Kildepiotr"]
[Black "AktilekAskarovich"]
[Result "1-0"]
[WhiteElo "2755"]
[BlackElo "2393"]
[TimeControl "180+1"]
[EndTime "8:14:21 PDT"]
[Termination "Kildepiotr won by resignation"]

1. Nf3 Nf6 2. g3 d5 3. Bg2 Bg4 4. O-O Nbd7 5. d3 e6 6. Nbd2 Be7 7. h3 Bxf3 8. Bxf3 O-O 9. e4 dxe4 10. dxe4 c6 11. a4 a5 12. b3 Ne5 13. Bg2 Qd4 14.
Rb1 Rfd8 15. Qe2 Ng6 16. Nc4 Rab8 17. Be3 Qc3 18. Bb6 Bb4 19. Bxd8 Rxd8 20. Rbd1 Rxd1 21. Rxd1 h5 22. e5 Nd5 23. Rd3 Qa1+ 24. Kh2 h4 25. Qe4 hxg3+ 26. fxg3 Bc3 27. h4 Nxe5 28. Rxc3 Qxc3 29. Nxe5 Qxc2 30. Qxc2 1-0

[Event "Early-Titled-Tuesday-Blitz-April-02-2024"]
[Site "Chess.com"]
[Date "2024.04.02"]
[Round "2"]
[White "DvaHrasta"]
[Black "chess_sharparchitect"]
[Result "1-0"]
[WhiteElo "2517"]
[BlackElo "2273"]
[TimeControl "180+1"]
[EndTime "8:14:21 PDT"]
[Termination "DvaHrasta won by resignation"]

1. c4 e5 2. g3 Nc6 3. Bg2 Nf6 4. Nf3 g6 5. d4 exd4 6. Nxd4 Bg7 7. Nxc6 bxc6 8.
O-O O-O 9. Qa4 Re8 10. Nc3 Qe7 11. Bf4 Rb8 12. b3 Rb7 13. Rac1 Nh5 14. Be3 a6 15. Rfd1 h6 16. Qa5 Kh7 17. Na4 Qe5 18.
Qxe5 Bxe5 19. Nc5 Rb8 20. Nxd7 Bxd7 21. Rxd7 Kg7 22. Bxc6 Bd6 23. Rxd6 cxd6 24. Bxe8 Rxe8 25. Rd1 Re6 26. Rd5 Nf6 27. Ra5 Ne4 28. Rxa6 1-0

[Event "Early-Titled-Tuesday-Blitz-April-02-2024"]
[Site "Chess.com"]
[Date "2024.04.02"]
[Round "2"]
[White "LikeWater"]
[Black "MIss_MIaMI"]
[Result "1-0"]
[WhiteElo "2663"]
[BlackElo "2376"]
[TimeControl "180+1"]
[EndTime "8:14:24 PDT"]
[Termination "LikeWater won by checkmate"]

1. e4 c5 2. Nc3 e6 3. Nf3 a6 4. g3 b5 5. d4 cxd4 6. Nxd4 Bb7 7. Bg2 Qc7 8. O-O Nf6 9. Re1 d6 10. a4 b4 11. Nd5 exd5 12. exd5+ Kd8 13. Bg5 Be7 14. Nf5 Bf8 15. Qd4 Nd7 16. Qxb4 h6 17. Bf4 Ne8 18. Rxe8+ Kxe8 19. Nxd6+ Bxd6 20. Bxd6 Qc8 21. Re1+ Kd8 22. Qa5+ Nb6 23. Qxb6+ Kd7 24. Re7# 1-0

[Event "Early-Titled-Tuesday-Blitz-April-02-2024"]
[Site "Chess.com"]
[Date "2024.04.02"]
[Round "2"]
[White "biostatistician"]
[Black "Malikova777"]
[Result "1-0"]
[WhiteElo "2539"]
[BlackElo "2304"]
[TimeControl "180+1"]
[EndTime "8:14:24 PDT"]
[Termination "biostatistician won by resignation"]

1. d4 Nf6 2. Nf3 g6 3. c4 Bg7 4. Nc3 d5 5. cxd5 Nxd5 6. e4 Nxc3 7. bxc3 c5 8. Be3 O-O 9. Rc1 Nc6 10. d5 Ne5 11.
Nxe5 Bxe5 12. Bxc5 Bg7 13. Bd4 e5 14. Bc5 Re8 15. Bb5 Bd7 16. Bxd7 Qxd7 17. O-O b6 18. Be3 Rad8 19. c4 f5 20. f3 Bf8 21. c5 bxc5 22.
Bxc5 Bh6 23. Rc2 Rc8 24. Bf2 Qb5 25. Rxc8 Rxc8 26. d6 Rd8 27. exf5 gxf5 28. Bxa7 Qa6 29. Qd5+ Kf8 30. Bc5 Qa8 31. d7+ 1-0

[Event "Early-Titled-Tuesday-Blitz-April-02-2024"]
[Site "Chess.com"]
[Date "2024.04.02"]
[Round "2"]
[White "schachlana"]
[Black "Lennis93"]
[Result "0-1"]
[WhiteElo "2389"]
[BlackElo "2735"]
[TimeControl "180+1"]
[EndTime "8:14:27 PDT"]
[Termination "Lennis93 won by resignation"]

1. e4 c5 2. Nf3 a6 3. c4 Nc6 4. d4 cxd4 5. Nxd4 g6 6. Nc3 Bg7 7. Be3 d6 8. Be2 Nf6 9. O-O O-O 10. Rc1 Bd7 11. f3 Nxd4 12. Bxd4 Bc6 13. Nd5 e6 14. Bb6 Qd7 15. Nxf6+ Bxf6 16. Qd2 Qe7 17. Rfd1 Bg5 18. f4 Bh6 19. g3 e5 20. Qxd6 Qxd6 21. Rxd6 exf4 22.
Bf3 fxg3 23. Rcd1 gxh2+ 24. Kxh2 Bf4+ 0-1

[Event "Early-Titled-Tuesday-Blitz-April-02-2024"]
[Site "Chess.com"]
[Date "2024.04.02"]
[Round "2"]
[White "Ginger_GM"]
[Black "shimastream"]
[Result "0-1"]
[WhiteElo "2640"]
[BlackElo "3016"]
[TimeControl "180+1"]
[EndTime "8:14:33 PDT"]
[Termination "shimastream won by resignation"]

1. d4 g6 2. h4 h5 3. Nf3 Nf6 4. Bf4 c5 5. d5 Bg7 6. e3 Qb6 7. Be5 d6 8. Bc3 O-O 9. a4 Bg4 10. Na3 Nbd7 11. Be2 Qd8 12. Nc4 b6 13. O-O a6 14. b3 Qc7 15. Qd3 b5 16. Ncd2 c4 17.
bxc4 Nc5 18. Qd4 Ne8 19. Qxg7+ Nxg7 20. cxb5 axb5 0-1

[Event "Early-Titled-Tuesday-Blitz-April-02-2024"]
[Site "Chess.com"]
[Date "2024.04.02"]
[Round "2"]
[White "GM4life"]
[Black "chessdjw"]
[Result "0-1"]
[WhiteElo "2572"]
[BlackElo "2792"]
[TimeControl "180+1"]
[EndTime "8:14:50 PDT"]
[Termination "chessdjw won by resignation"]

1. e4 c5 2. Nf3 d6 3. d4 cxd4 4. Nxd4 Nf6 5. Nc3 a6 6. Bd3 g6 7. f3 Bg7 8. Be3 h5 9. Qd2 Nbd7 10. O-O-O b5 11. Kb1 Bb7 12. h3 h4 13. a3 Rc8 14.
Rde1 Ne5 15. Bf4 Nh5 16. Bh2 Nc4 17. Bxc4 Rxc4 18. Nde2 b4 19. axb4 Rxb4 20. b3 a5 21. Nd5 Bxd5 22. exd5 O-O 23. Nf4 Qb6 24. Nd3 Qd4 25.
Ka2 Ra4+ 26. bxa4 Qxa4+ 0-1

[Event "Early-Titled-Tuesday-Blitz-April-02-2024"]
[Site "Chess.com"]
[Date "2024.04.02"]
[Round "2"]
[White "VD_coach"]
[Black "GnowReopard"]
[Result "0-1"]
[WhiteElo "2567"]
[BlackElo "2761"]
[TimeControl "180+1"]
[EndTime "8:14:51 PDT"]
[Termination "GnowReopard won by resignation"]

1. d4 Nf6 2. c4 e6 3. Nf3 c5 4. e3 d5 5. Nc3 Nc6 6. a3 a6 7. Bd3 dxc4 8. Bxc4 b5 9. Ba2 Bb7 10. O-O Qc7 11. Qe2 Rd8 12. Rd1 Be7 13. dxc5 Bxc5 14. b4 Rxd1+ 15. Qxd1 Bd6 16. Bb2 O-O 17.
Rc1 Rd8 18. Qe2 Qb8 19. Bb1 Ne5 20. Nxe5 Bxe5 21. h3 h6 22. Rd1 Rc8 23. Rc1 Qa8 24.
f4 Bb8 25. e4 Bxf4 26. Rf1 Be5 27. Nd1 Qb8 28. Ne3 Bxb2 29. Qxb2 Nxe4 30. Ng4 Qg3 0-1

[Event "Early-Titled-Tuesday-Blitz-April-02-2024"]
[Site "Chess.com"]
[Date "2024.04.02"]
[Round "2"]
[White "kachsona"]
[Black "Josgar05"]
[Result "1-0"]
[WhiteElo "2609"]
[BlackElo "2356"]
[TimeControl "180+1"]
[EndTime "8:14:52 PDT"]
[Termination "kachsona won by resignation"]

1. e4 e6 2. Nf3 d5 3. Nc3 Nf6 4. d3 c5 5. Bg5 Be7 6. e5 Nfd7 7. Bxe7 Qxe7 8. Nb5 O-O 9. Nc7 Nxe5 10. Nxa8 Nxf3+ 11.
Qxf3 Nc6 12. c3 b6 13. Be2 Bb7 14. Nxb6 axb6 15. O-O d4 16. Qg3 dxc3 17. bxc3 Qf6 18. Qc7 Ba8 19. Bf3 Ne5 20. Bxa8 Rxa8 21. d4 Nc4 22.
dxc5 bxc5 23. Qxc5 Ne5 24. a4 h5 25. a5 Qg5 26. Qe3 Qf6 27. a6 g6 28. a7 Qf5 29.
Ra5 Nf3+ 30. Qxf3 Qxa5 31. Qxa8+ Kh7 32. Qb7 1-0

[Event "Early-Titled-Tuesday-Blitz-April-02-2024"]
[Site "Chess.com"]
[Date "2024.04.02"]
[Round "2"]
[White "MaestroCheck"]
[Black "jamengrand"]
[Result "1-0"]
[WhiteElo "2533"]
[BlackElo "2298"]
[TimeControl "180+1"]
[EndTime "8:14:57 PDT"]
[Termination "MaestroCheck won by resignation"]

1. e4 e5 2. Nf3 Nc6 3. Bc4 Nf6 4. d3 Be7 5. a4 O-O 6. O-O d6 7. h3 Na5 8. Ba2 c5 9. Bg5 Be6 10. Nc3 Bxa2 11. Rxa2 Nc6 12. Bxf6 Bxf6 13. Nd5 Bg5 14. c3 Rc8 15. Re1 g6 16. Qb3 Na5 17. Qa3 Kg7 18. b4 cxb4 19. cxb4 Nc6 20. b5 Nd4 21. Nxd4 exd4 22. Qb4 Bf6 23. a5 Re8 24. Raa1 Rc5 25. f4 Bh4 26. Qxd4+ Kg8 27. Reb1 Bg3 28. Nf6+ Kf8 29.
Nxe8 Qxe8 30. Qxd6+ 1-0

[Event "Early-Titled-Tuesday-Blitz-April-02-2024"]
[Site "Chess.com"]
[Date "2024.04.02"]
[Round "2"]
[White "alexrustemov"]
[Black "lefonghua"]
[Result "1-0"]
[WhiteElo "2902"]
[BlackElo "2607"]
[TimeControl "180+1"]
[EndTime "8:14:58 PDT"]
[Termination "alexrustemov won by resignation"]

1. d4 Nf6 2. c4 c5 3. d5 b5 4. cxb5 a6 5. e3 d6 6. Nc3 g6 7. a4 Bg7 8. e4 O-O 9. Nf3 axb5 10. Bxb5 Na6 11. O-O Nb4 12. h3 Nd7 13. Bf4 Rb8 14.
Re1 Qc7 15. Qe2 Bb7 16. Rad1 Rfc8 17. e5 Nxe5 18. Nxe5 dxe5 19. Bxe5 Bxe5 20. Qxe5 Qxe5 21. Rxe5 Rc7 22. d6 exd6 23. Rxd6 Ra8 24. Bc4 Ba6 25.
Nb5 Bxb5 26. axb5 Ra1+ 27. Kh2 Rb1 28. b6 Rb7 29. Rxc5 Rxb2 30. Rc7 Rb8 31. Rxf7 1-0

[Event "Early-Titled-Tuesday-Blitz-April-02-2024"]
[Site "Chess.com"]
[Date "2024.04.02"]
[Round "2"]
[White "LuisFSiles"]
[Black "HeroWilczek"]
[Result "0-1"]
[WhiteElo "2338"]
[BlackElo "2550"]
[TimeControl "180+1"]
[EndTime "8:14:58 PDT"]
[Termination "HeroWilczek won by resignation"]

1. e4 c6 2. d4 d5 3. exd5 cxd5 4. c4 Nf6 5. Nc3 Nc6 6. Bg5 e6 7. Nf3 Be7 8. a3 O-O 9. Bd3 h6 10. Be3 dxc4 11. Bxc4 b6 12. O-O Bb7 13. Qe2 Rc8 14.
Rad1 Bd6 15. Ba2 Ne7 16. Ne5 Ned5 17. Bd2 Qe7 18. Bb1 Rfd8 19. Qd3 Nxc3 20. bxc3 Bxe5 21.
dxe5 Rxd3 22. exf6 Qd7 23. Bxd3 Qxd3 24. fxg7 Rd8 25.
f3 Bc6 0-1

[Event "Early-Titled-Tuesday-Blitz-April-02-2024"]
[Site "Chess.com"]
[Date "2024.04.02"]
[Round "2"]
[White "tomesao"]
[Black "kai_nov"]
[Result "1-0"]
[WhiteElo "2549"]
[BlackElo "2338"]
[TimeControl "180+1"]
[EndTime "8:14:58 PDT"]
[Termination "tomesao won by resignation"]

1. Nf3 d5 2. c4 Nf6 3. cxd5 Nxd5 4. e4 Nf6 5. Nc3 Nc6 6. d4 Bg4 7. d5 Ne5 8. Nxe5 Bxd1 9. Bb5+ Nd7 10. Bxd7+ Qxd7 11. Nxd7 Kxd7 12. Kxd1 g6 13. Kc2 Bg7 14. Be3 c6 15. Rhd1 Kc8 16. Bd4 Bxd4 17. Rxd4 Rd8 18. Rc4 Kc7 19. dxc6 bxc6 20. Rd1 Rxd1 21. Nxd1 Rd8 22.
Ne3 e6 23. f3 Kb6 24. b3 Kb5 25. Ra4 a5 26. Nc4 Ra8 27. Kc3 1-0

[Event "Early-Titled-Tuesday-Blitz-April-02-2024"]
[Site "Chess.com"]
[Date "2024.04.02"]
[Round "2"]
[White "arenal72"]
[Black "A-Fier"]
[Result "0-1"]
[WhiteElo "2611"]
[BlackElo "2908"]
[TimeControl "180+1"]
[EndTime "8:15:06 PDT"]
[Termination "A-Fier won by checkmate"]

1. Nf3 Nf6 2. g3 Nc6 3. Bg2 e5 4. d3 d5 5. O-O h5 6. Bg5 Be6 7. c3 Qd7 8. b4 a6 9. a4 Bh3 10. Nbd2 Bxg2 11. Kxg2 Nh7 12. b5 Na5 13. Nxe5 Qe6 14.
Nef3 h4 15. Bxh4 f6 16. e4 g5 17. exd5 Qd7 18. Re1+ Be7 19. c4 gxh4 20. Nd4 Ng5 21. Ne6 Nxe6 22. Rxe6 O-O-O 23. bxa6 b6 24. Nb3 Nxb3 25.
Qxb3 Bc5 26. a5 hxg3 27. fxg3 Qh7 28. h4 Rdg8 29. axb6 Rxg3+ 30. Kxg3 Qxh4+ 31. Kf3 Qf2+ 32. Ke4 Rh4# 0-1

[Event "Early-Titled-Tuesday-Blitz-April-02-2024"]
[Site "Chess.com"]
[Date "2024.04.02"]
[Round "2"]
[White "KacperKacprzak"]
[Black "Massakru"]
[Result "1-0"]
[WhiteElo "2701"]
[BlackElo "2382"]
[TimeControl "180+1"]
[EndTime "8:15:08 PDT"]
[Termination "KacperKacprzak won by resignation"]

1. e4 e5 2. Nf3 Nc6 3. Nc3 Nf6 4.
h3 Bc5 5. Nxe5 Nxe5 6. d4 Bd6 7.
f4 Ng6 8. e5 Be7 9. Bd3 Ng8 10.
O-O d6 11. f5 Nxe5 12. dxe5 dxe5 13. Be3 c6 14. Qf3 Qa5 15. Qg3 Bc5 16. Qxg7 Bxe3+ 17. Kh1 Bd7 18. Qxh8 O-O-O 19. Qxh7 f6 20. Ne4 Qb4 21. a3 Qf8 22. Rae1 Bh6 23. Bc4 Ne7 24. Nd6+ Kc7 25.
Nf7 Bf4 26. Nxd8 Qxd8 27. Rxf4 1-0

[Event "Early-Titled-Tuesday-Blitz-April-02-2024"]
[Site "Chess.com"]
[Date "2024.04.02"]
[Round "2"]
[White "Predo63"]
[Black "LeoWin2012"]
[Result "0-1"]
[WhiteElo "2512"]
[BlackElo "2308"]
[TimeControl "180+1"]
[EndTime "8:15:08 PDT"]
[Termination "LeoWin2012 won by checkmate"]

1. d4 Nf6 2. Bg5 e6 3. e3 d5 4.
Nd2 c5 5. c3 Be7 6. f4 Nc6 7.
Bd3 b6 8. Ngf3 a5 9. Qe2 Bb7 10. O-O c4 11. Bc2 b5 12. Ne5 Nd7 13. Bxe7 Nxe7 14.
a3 Qc7 15. Nxd7 Qxd7 16. e4 dxe4 17. Nxe4 Bxe4 18. Bxe4 Nd5 19. a4 O-O 20. axb5 Qxb5 21. Rfb1 Rab8 22. Bxd5 exd5 23. Ra2 Rfe8 24. Qf3 Re4 25.
Rba1 Rbe8 26. h3 Re3 27. Qg4 Re2 28. Rxa5 Qxb2 29. Ra8 Qd2 30. Rxe8+ Rxe8 31. Qf3 g6 32. Qxd5 Qxc3 33. Ra7 Qc1+ 34. Kf2 Qe3+ 35. Kf1 Qe1# 0-1

[Event "Early-Titled-Tuesday-Blitz-April-02-2024"]
[Site "Chess.com"]
[Date "2024.04.02"]
[Round "2"]
[White "MusicCityMaster"]
[Black "dianamirza"]
[Result "1-0"]
[WhiteElo "2422"]
[BlackElo "1977"]
[TimeControl "180+1"]
[EndTime "8:15:11 PDT"]
[Termination "MusicCityMaster won by resignation"]

1. d4 Nf6 2. c4 c5 3. d5 b5 4. cxb5 a6 5. Nc3 g6 6. e4 d6 7. a4 Bg7 8. Nf3 O-O 9. Be2 axb5 10. Bxb5 Ba6 11. Ra3 Bxb5 12. axb5 Rxa3 13. bxa3 Qa5 14. Bd2 Qxa3 15. O-O Nbd7 16. Qc2 Nb6 17. Rb1 Ra8 18.
h3 Nfd7 19. Rb3 Qa1+ 20. Rb1 Qa3 21. Rb3 Qa1+ 22. Kh2 c4 23. Rb1 Qa3 24. Ne2 Nc5 25. Ned4 Qa2 26. Qxa2 Rxa2 27. Nc6 Nxe4 28. Be3 Nc8 29.
b6 Nxb6 30. Rxb6 Nxf2 31. Rb8+ Bf8 32. Bh6 1-0

[Event "Early-Titled-Tuesday-Blitz-April-02-2024"]
[Site "Chess.com"]
[Date "2024.04.02"]
[Round "2"]
[White "shanemelaughcm"]
[Black "Alexchess1984"]
[Result "0-1"]
[WhiteElo "2392"]
[BlackElo "2765"]
[TimeControl "180+1"]
[EndTime "8:15:12 PDT"]
[Termination "Alexchess1984 won by checkmate"]

1. e4 c5 2. Nc3 g6 3. f4 Bg7 4. Nf3 Nc6 5. Bb5 e6 6. d3 Nge7 7. O-O a6 8. Bxc6 Nxc6 9. Qe1 O-O 10. Kh1 d6 11. h3 f5 12. Bd2 b5 13. a4 b4 14. Nd1 Qf6 15. c3 a5 16. Qf2 Ba6 17. c4 fxe4 18. dxe4 Bxc4 19. Re1 e5 20. fxe5 Nxe5 21.
Bg5 Qe6 22. Re3 Nxf3 23. Rxf3 Qxe4 24. Rxf8+ Rxf8 25. Qd2 Rf1+ 26. Kh2 Be5+ 27. g3 Rh1# 0-1

[Event "Early-Titled-Tuesday-Blitz-April-02-2024"]
[Site "Chess.com"]
[Date "2024.04.02"]
[Round "2"]
[White "rhwr"]
[Black "ATM622"]
[Result "0-1"]
[WhiteElo "2250"]
[BlackElo "2510"]
[TimeControl "180+1"]
[EndTime "8:15:12 PDT"]
[Termination "ATM622 won by checkmate"]

1. e4 c6 2. d4 d5 3. Nc3 dxe4 4.
Nxe4 Bf5 5. Ng3 Bg6 6. h4 h6 7. h5 Bh7 8. Nf3 Nd7 9. Bd3 Bxd3 10. Qxd3 Ngf6 11. Bd2 e6 12. O-O-O Be7 13. Ne4 Nxe4 14. Qxe4 Nf6 15. Qe2 Qd5 16. Kb1 Qe4 17. Be3 Nd5 18. Nd2 Qh7 19. Nc4 O-O-O 20. Ne5 Rhf8 21. a3 Bxa3 22.
Nxc6 Rd6 23. Nxa7+ Kb8 24. Nb5 Rb6 25. Bf4+ Nxf4 26.
Qe5+ Ka8 27. Nxa3 Nd5 28. Rh3 Rc8 29. Nb5 Qxc2+ 30. Ka2 Nb4+ 31. Ka3 Ra6+ 32. Kxb4 Rc4# 0-1

[Event "Early-Titled-Tuesday-Blitz-April-02-2024"]
[Site "Chess.com"]
[Date "2024.04.02"]
[Round "2"]
[White "Djager97"]
[Black "Durarbayli"]
[Result "0-1"]
[WhiteElo "2621"]
[BlackElo "2936"]
[TimeControl "180+1"]
[EndTime "8:15:13 PDT"]
[Termination "Durarbayli won by resignation"]

1. e4 e5 2. Nf3 Nc6 3. d4 exd4 4. Nxd4 Bc5 5. Nb3 Bb6 6. Qe2 Nf6 7. e5 Nd5 8. c4 Ndb4 9. c5 Bxc5 10. Nxc5 Nd4 11. Qg4 Ndc2+ 12. Ke2 O-O 13. Bh6 g6 14. Bxf8 d5 15.
Qf4 Qxf8 16. Nd3 Nxd3 17. Kxd3 Nxa1 18. Nc3 d4 19. Ne4 Bf5 20. g4 Bxe4+ 21. Qxe4 Qb4 22. Qxd4 Qe7 23. Ke3 Nc2+ 0-1

[Event "Early-Titled-Tuesday-Blitz-April-02-2024"]
[Site "Chess.com"]
[Date "2024.04.02"]
[Round "2"]
[White "PolandHussars"]
[Black "LeninGuerra"]
[Result "1-0"]
[WhiteElo "2570"]
[BlackElo "2722"]
[TimeControl "180+1"]
[EndTime "8:15:13 PDT"]
[Termination "PolandHussars won by checkmate"]

1. e4 c5 2. Ne2 e6 3. g3 b6 4. Bg2 Bb7 5. O-O d6 6. c3 Nd7 7.
d4 cxd4 8. cxd4 Rc8 9. Nbc3 Qc7 10. Be3 Qb8 11. Rc1 Ngf6 12. f3 Be7 13. g4 O-O 14. Ng3 d5 15. e5 Ne8 16. f4 Ba6 17. Rf2 b5 18. f5 b4 19. Nce2 Rxc1 20. Qxc1 Bd3 21. Nf4 Qb6 22. Nxd3 Nc7 23. fxe6 fxe6 24. Rxf8+ Bxf8 25. Ne2 Nb8 26. Nc5 Nc6 27. Nd7 Qb5 28. Nf4 Be7 29. Bf1 Qb7 30. Nc5 Qc8 31. Bd3 a5 32.
Qc2 h6 33. Bh7+ Kf8 34. Ng6+ Ke8 35. Nxe7 Kxe7 36. Qg6 Qf8 37. g5 Qf3 38. Qxg7+ Kd8 39. Qd7# 1-0